 Dungeon Crawl Stone Soup version 0.27-a0-334-g52645efa06 (webtiles) character file.

Game seed: 13802679315316140163

120 wakim the Stinger (level 5, -17/31 HPs)
             Began as an Octopode Venom Mage on Feb 13, 2021.
             Shot with an arrow by a centaur (18 damage)
             ... on level 3 of the Dungeon.
             The game lasted 00:04:58 (2545 turns).

wakim the Stinger (Octopode Venom Mage)             Turns: 2545, Time: 00:04:58

Health: -17/31     AC:  1    Str:  8    XL:     5   Next: 4%
Magic:  2/9        EV: 13    Int: 18    God:
Gold:   117        SH:  0    Dex: 12    Spells: 0/10 levels left

rFire    . . .     SeeInvis .   (no weapon)
rCold    . . .     Faith    .   (no shield)
rNeg     . . .     Spirit   .   (helmet restricted)
rPois    .         Reflect  .   (no amulet)
rElec    .         Harm     .   (no ring)
rCorr    .         Rampage  .   (no ring)
Will     .....                  (no ring)
Stlth    +++.......             (no ring)
HPRegen  0.10/turn              (no ring)
MPRegen  0.11/turn              (no ring)
                                (no ring)
                                (no ring)

@: no status effects
A: almost no armour, stealthy swim, amphibious, 8 rings, constrict 8, camouflage
1, gelatinous body 1
a: no special abilities


You were on level 3 of the Dungeon.
You visited 1 branch of the dungeon, and saw 3 of its levels.

You collected 117 gold pieces.

Inventory:

Jewellery
 f - a ring of magical power
Scrolls
 b - a scroll of teleportation {unknown}
 c - a scroll of identify {unknown}
Potions
 a - a potion of curing {unknown}
 d - a potion of lignification {unknown}
 e - a potion of resistance {unknown}


   Skills:
 - Level 2.0 Dodging
 - Level 2.6 Stealth
 + Level 3.0 Spellcasting
 - Level 1.0 Transmutations
 + Level 0.1 Fire Magic
 + Level 0.0 Air Magic
 * Level 5.9 Poison Magic


You couldn't memorise any spells.
You knew the following spells:

 Your Spells              Type           Power        Failure   Level
a - Sting                 Tmut/Pois      60%          4%          1
b - Poisonous Vapours     Pois/Air       26%          7%          2
c - Olgreb's Toxic Radia  Pois           24%          14%         4
d - Ignite Poison         Fire/Tmut/Pois 11%          19%         3

Your spell library contained the following spells:

 Spells                   Type           Power        Failure   Level
 Mephitic Cloud           Conj/Pois/Air  9%           22%         3


Dungeon Overview and Level Annotations

Branches:
Dungeon (3/15)

Altars:


Innate Abilities, Weirdness & Mutations

You cannot wear most types of armour.
You are very stealthy in the water. (Stealth+)
You are amphibious.
You can wear up to eight rings at the same time.
You can use your tentacles to constrict eight enemies at once.
Your skin changes colour to match your surroundings (Stealth+).
Your rubbery body absorbs attacks. (AC +1, EV +1)


Message History

Poisonous vapours surround the kobold!
The kobold is engulfed in poison gas.
The kobold is poisoned.
You kill the kobold!
You see here a kobold corpse.
Found a stone staircase leading down.
There is a stone staircase leading down here.
Done exploring.
Done exploring.
There is a stone staircase leading down here.
You climb downwards.
Found 18 bolts.
There is a stone staircase leading up here.
A goblin and an orc come into view.
The goblin shouts!
You hear a shout!
A centaur comes into view.
Casting: Poisonous Vapours (safe; 8% risk of failure)
Confirm with . or Enter, or press ? or * to list all spells.
The spell is extremely dangerous to cast (14% risk of failure)!
Continue anyway?
You begin to radiate toxic energy.
The orc shouts!
The orc is poisoned.
The centaur is poisoned.
The goblin is poisoned.
The orc looks even sicker.
You kill the goblin!
The centaur wields a +0 shortbow.
The centaur shoots an arrow.
The arrow hits you.
Your toxic aura wanes.
You kill the orc!
The centaur shoots an arrow.
The arrow hits you!
* * * LOW HITPOINT WARNING * * *
The centaur shoots an arrow.
The arrow hits you!
* * * LOW HITPOINT WARNING * * *
Casting: Olgreb's Toxic Radiance (extremely dangerous; 14% risk of failure)
Confirm with . or Enter, or press ? or * to list all spells.
The spell is quite dangerous to cast (19% risk of failure)!
Continue anyway?
You ignite the poison in your surroundings!
The centaur seems to burn from within!
The centaur is almost dead.
The centaur shoots an arrow.
The arrow hits you!!
Ouch! That really hurt!
You die...

## #..#..####
###### .......<@#
#......
#......#.##....)..
##.#(#.#..........
.. #..##........
#. ##........... #
###......c..
##...c....
##....... ..=(...


You could see a centaur.

Vanquished Creatures
  A worker ant (D:2)
  Terence (D:2)
  2 adders (D:2)
  2 oozes
  2 dart slugs
  An orc (D:3)
  A giant cockroach (D:1)
  5 goblins
  9 hobgoblins
  2 jackals (D:2)
  2 quokkas (D:2)
  A ball python (D:2)
  2 bats (D:2)
  3 frilled lizards
  5 kobolds
  6 rats
45 creatures vanquished.

Notes
Turn   | Place    | Note
-------+----------+-------------------------------------------
     0 | D:1      | wakim the Octopode Venom Mage began the quest for the Orb.
     0 | D:1      | Reached XP level 1. HP: 11/11 MP: 3/3
   332 | D:1      | Reached skill level 4 in Poison Magic
   553 | D:1      | Reached XP level 2. HP: 17/17 MP: 5/5
  1158 | D:1      | Learned a level 2 spell: Poisonous Vapours
  1248 | D:2      | Reached XP level 3. HP: 21/21 MP: 1/6
  1321 | D:2      | Reached skill level 5 in Poison Magic
  1475 | D:2      | Reached XP level 4. HP: 26/27 MP: 2/8
  1713 | D:2      | Noticed Terence
  1733 | D:2      | Killed Terence
  2476 | D:2      | Reached XP level 5. HP: 31/31 MP: 6/9
  2481 | D:2      | Learned a level 4 spell: Olgreb's Toxic Radiance
  2485 | D:2      | Learned a level 3 spell: Ignite Poison
  2540 | D:3      | Noticed a centaur
  2543 | D:3      | HP: 1/31 [centaur/arrow (12)]
  2545 | D:3      | Shot with an arrow by a centaur

Illustrated notes

Levels and vault maps discovered:
D:1:      psy_arrival_spokes, layout_basic
D:2:      layout_loops_cross, grunt_ministairs_8, minmay_misc_feat_cross,
          uniq_terence
D:3:      layout_rooms, lemuel_crystal_altar, overflow_temple_1_default

Skill      XL: |  1  2  3  4 |
---------------+-------------+-----
Poison Magic   | 4 5 |  5.9
Spellcasting   | 3 |  3.0
Dodging        | |  2.0
Stealth        | |  2.6
Transmutations | |  1.0
Fire Magic     | |  0.1

Action                   |  1- 3 |  4- 6 || total
-------------------------+-------+-------++-------
Melee: Unarmed           |    51 |    10 ||    61
       Constrict         |    13 |     2 ||    15
       Tentacles         |     7 |     3 ||    10
 Cast: Sting             |     7 |       ||     7
       Poisonous Vapours |     8 |    29 ||    37
       Olgreb's Toxic Ra |       |     1 ||     1
       Ignite Poison     |       |     1 ||     1
 Stab: Sleeping          |     2 |       ||     2
Armor: Skin              |     4 |     1 ||     5
Dodge: Dodged            |    31 |    10 ||    41

Table legend: (Time is in decaauts)
 A = Elapsed time spent in this place.
 B = Non-inter-level travel time spent in this place.
 C = Inter-level travel time spent in this place.
 D = Time resting spent in this place.
 E = Time spent auto-exploring this place.
 F = Levels seen in this place.
 G = Mean time per level.
                   A        B        C        D        E       F      G
               +--------+--------+--------+--------+--------+-----+--------+
         Total |   2545 |   2497 |     48 |   1351 |    822 |   3 |  848.3 |
       Dungeon |   2545 |   2497 |     48 |   1351 |    822 |   3 |  848.3 |
               +--------+--------+--------+--------+--------+-----+--------+

Top non-repeatable levels by time:
     D:2: 1349 daAuts
     D:1: 1186 daAuts
     D:3: 9 daAuts
